 Dungeon Crawl Stone Soup version 0.29.0-13-gc9e81de378 (webtiles) character file.

Game seed: 1520094512819131524

25 Artool the Ducker (level 2, -5/23 HPs)
             Began as a Demonspawn Gladiator on Sept 7, 2022.
             Slain by a gnoll
             ... wielding a +0 flail of holy wrath
              (9 damage)
             ... on level 2 of the Dungeon.
             The game lasted 00:01:40 (1219 turns).

Artool the Ducker (Demonspawn Gladiator)            Turns: 1219, Time: 00:01:41

Health: -5/23      AC:  5    Str: 20    XL:     2   Next: 86%
Magic:  2/2        EV: 14    Int:  9    God:
Gold:   66         SH:  0    Dex: 14    Spells: 1/1 levels left

rFire   . . .      SeeInvis .   a - +0 whip
rCold   . . .      Faith    .   (no shield)
rNeg    . . .      Spirit   .   b - +0 leather armour
rPois   .          Reflect  .   c - +0 helmet
rElec   .          Harm     .   (no cloak)
rCorr   .          Rampage  .   f - +0 pair of gloves
Will    .....                   (no boots)
Stlth   +.........              (no amulet)
HPRegen 0.07/turn               k - +6 ring of strength
MPRegen 0.08/turn               (no ring)

@: no status effects
A: repulsion field 1
a: no special abilities


You were on level 2 of the Dungeon.
You visited 1 branch of the dungeon, and saw 2 of its levels.

You collected 66 gold pieces.

Inventory:

Hand Weapons
 a - a +0 whip (weapon)
 n - a +0 flail
Missiles
 d - 3 throwing nets (quivered)
 e - a javelin
Armour
 b - a +0 leather armour (worn)
 c - a +0 helmet (worn)
 f - a +0 pair of gloves (worn)
Jewellery
 k - a +6 ring of strength (left hand)
Scrolls
 j - 2 scrolls of teleportation {unknown}
 l - 2 scrolls of identify {unknown}
Potions
 g - a potion of lignification {unknown}
 h - a potion of attraction {unknown}
 i - a potion of might {unknown}
 m - a potion of resistance {unknown}


   Skills:
 + Level 2.3 Fighting
 + Level 2.9 Maces & Flails
 - Level 2.0 Throwing
 + Level 0.9 Armour
 + Level 3.0 Dodging


You had one spell level left.
You didn't know any spells.
Your spell library contained the following spells:

 Spells                   Type           Power      Damage    Failure   Level
 Gell's Gravitas          Tloc           0%         N/A       82%         3
 Lesser Beckoning         Tloc           0%         N/A       82%         3
 Teleport Other           Tloc           0%         N/A       82%         3


Dungeon Overview and Level Annotations

Branches:
Dungeon (2/15)

Altars:


Innate Abilities, Weirdness & Mutations

You are surrounded by a mild repulsion field. (EV +2)


Message History

You kill the endoplasm!
No target in view!
HP restored.
You now have 62 gold pieces (gained 9).
You now have 66 gold pieces (gained 4).
You open the large door. 2 gnolls come into view.
The gnoll shouts!
A gnoll comes into view.
It is wielding a +0 flail of holy wrath.
Found a hat.
A gnoll comes into view. It is wielding a +0 spear.
You close the large door.
A gnoll breaks down the large door.
There is a large open door here.
You close the large door.
Something unseen opens the large door.
You open the door.
There is an open door here.
You hit the gnoll.
The gnoll is heavily wounded.
The gnoll barely misses you.
You hit the gnoll.
The gnoll is severely wounded.
The gnoll completely misses you.
You hit the gnoll.
You kill the gnoll!
Your Dodging skill increases to level 3!
You hit the gnoll.
The gnoll is lightly wounded.
The gnoll barely misses you.
You hit the gnoll.
The gnoll is lightly wounded.
The gnoll hits you with a +0 flail of holy wrath.
You convulse.
You whack the gnoll!
The gnoll is severely wounded.
The gnoll hits you with a +0 flail of holy wrath!
* * * LOW HITPOINT WARNING * * *
You convulse!
You die...

##.##.....##.#......#
#.#####........# #.# #.#
#####.#.## #.# ##'## #.#.####.#
##...## #.....##.# ### ##.....##
###.#.##.# #.## ##.......##
##.#.#.##.#
...####...<.....####.........###
......'...).....@gg............##
...####.........####....#####.##≈
#.## ##.......## ##.#.# #.##≈
..#### ##.....## ###.# #.##≈
#..<.## ##...## #.# #.g+. #.###.#
##+## #.# ##.'. ..# #.#####.# #.#
###≈ #.###.......# #.# #≈
#.).......... #≈


You could see 2 gnolls.

Vanquished Creatures
  A gnoll (D:2)
  2 endoplasms
  A giant cockroach (D:1)
  3 hobgoblins (D:1)
  2 kobolds (D:2)
  A quokka (D:1)
  2 ball pythons (D:1)
  A frilled lizard (D:1)
  2 rats (D:1)
15 creatures vanquished.

Notes
Turn   | Place    | Note
-------+----------+-------------------------------------------
     0 | D:1      | Artool the Demonspawn Gladiator began the quest for the
                  | Orb.
     0 | D:1      | Reached XP level 1. HP: 16/16 MP: 1/1
   533 | D:1      | Gained mutation: You are surrounded by a mild repulsion
                  | field. (EV +2) [demonic ancestry]
   533 | D:1      | Reached XP level 2. HP: 22/22 MP: 2/2
  1217 | D:2      | Reached skill level 3 in Dodging
  1219 | D:2      | Slain by a gnoll

Illustrated notes

Levels and vault maps discovered:
D:1:      dpeg_arrival_more_subterranean_lakeside_camping, layout_basic,
          minmay_pentomino_o2
D:2:      layout_loops_corners, kennysheep_generic_room_5

Skill      XL: |  1  2 |
---------------+-------+-----
Throwing       | 2 |  2.0
Dodging        | 3 |  3.0
Fighting       | |  2.3
Maces & Flails | |  2.9
Armour         | |  0.9

Action                   || total
-------------------------++-------
Melee: Flail             ||    18
       Whip              ||    14
 Stab: Sleeping          ||     1
Armor: Leather armour    ||     3
Dodge: Dodged            ||    17
